 Dungeon Crawl Stone Soup version 0.29-a0-214-g17f627cfee (webtiles) character file.

Game seed: 2802219334238622282

221 esteth the Vexing (level 5, 0/29 HPs)
             Began as a Gargoyle Arcane Marksman on Feb 23, 2022.
             Slain by a gnoll
             ... wielding a +2 flail of protection
              (5 damage)
             ... on level 4 of the Dungeon on Feb 24, 2022.
             The game lasted 00:07:31 (3126 turns).

esteth the Vexing (Gargoyle Arcane Marksman)        Turns: 3126, Time: 00:07:31

Health: 0/29       AC:  8    Str: 13    XL:     5   Next: 98%
Magic:  5/6        EV: 12    Int: 14    God:
Gold:   231        SH:  0    Dex: 12    Spells: 2/6 levels left

rFire   . . .      SeeInvis .   a - +0 shortbow
rCold   . . .      Faith    .   (shield currently unavailable)
rNeg    + . .      Spirit   .   b - +0 robe
rPois   ∞          Reflect  .   n - +0 helmet
rElec   +          Harm     .   (no cloak)
rCorr   +          Rampage  .   x - +0 pair of gloves
Will    .....                   (no boots)
Stlth   +.........              A - amulet of the acrobat
HPRegen 0.09/turn               R - ring of resist corrosion
MPRegen 0.10/turn               (no ring)

@: no status effects
A: sickness immunity, AC +4, negative energy resistance 1, electricity
resistance, torment resistance 1, petrification resistance
a: no special abilities


You were on level 4 of the Dungeon.
You visited 1 branch of the dungeon, and saw 4 of its levels.

You collected 231 gold pieces.


Innate Abilities, Weirdness & Mutations

You are immune to sickness and miasma.
Your stone body is resilient. (AC +4)
You are immune to poison.
You resist negative energy. (rN+)
You are resistant to electric shocks. (rElec)
You are resistant to unholy torment.
You are immune to petrification.


   Skills:
 - Level 1.1 Fighting
 + Level 4.0 Bows
 - Level 1.5 Dodging
 - Level 1.0 Spellcasting
 + Level 4.2 Hexes
 + Level 1.9 Translocations


You had 2 spell levels left.
You knew the following spells:

 Your Spells              Type           Power      Damage    Failure   Level
p - Portal Projectile     Hex/Tloc       18%        N/A       22%         3
s - Slow                  Hex            48%        N/A       4%          1

Your spell library contained the following spells:

 Spells                   Type           Power      Damage    Failure   Level
 Confusing Touch          Hex            12%        N/A       14%         3
 Inner Flame              Hex/Fire       6%         N/A       32%         3
 Cause Fear               Hex            6%         N/A       41%         4
 Vampiric Draining        Necr           0%         2d6       61%         3
 Yara's Violent Unravell  Hex/Tmut       3%         3d4       97%         5
 Enfeeble                 Hex            6%         N/A       100%        7

Inventory:

Hand Weapons
 a - a +0 shortbow (weapon)
Missiles
 k - 106 stones
Armour
 b - a +0 robe (worn)
 j - a +0 ring mail
   (You found it on level 1 of the Dungeon)
 l - a +0 ring mail
   (You found it on level 2 of the Dungeon)
 n - a +0 helmet (worn)
   (You found it on level 3 of the Dungeon)
 o - a +0 leather armour
   (You found it on level 3 of the Dungeon)
 s - a +0 robe
   (You found it on level 3 of the Dungeon)
 u - a +0 scale mail
   (You found it on level 3 of the Dungeon)
 v - a +0 ring mail
   (You found it on level 4 of the Dungeon)
 x - a +0 pair of gloves (worn)
   (You found it on level 4 of the Dungeon)
 y - a +0 pair of boots
   (You found it on level 4 of the Dungeon)
Magical Staves
 B - a staff of conjuration {!a}
   (You found it on level 4 of the Dungeon)
Jewellery
 A - an amulet of the acrobat (around neck)
   (You found it on level 2 of the Dungeon)
 R - a ring of resist corrosion (left hand)
   (You found it on level 3 of the Dungeon)
Wands
 q - a wand of flame (18)
   (You found it on level 3 of the Dungeon)
Scrolls
 c - 5 scrolls of identify {unknown}
 d - a scroll of fear {unknown}
 i - a scroll of blinking {unknown}
 m - a scroll of enchant weapon {unknown}
 p - 2 scrolls of teleportation {unknown}
 r - a scroll of fog {unknown}
 t - a scroll of noise {unknown}
Potions
 e - 3 potions of flight {unknown}
 f - 3 potions of mutation {unknown}
 g - 2 potions of heal wounds {unknown}
 w - a potion of haste {unknown}
 z - a potion of lignification {unknown}

Dungeon Overview and Level Annotations

Branches:
Dungeon (4/15)
 Temple: D:4-7

Altars:
Dithmenos
Yredelemnul

Shops:
D:1 ?   D:3 [

Annotations:
D:4 1 runed translucent door

#...#
#.####..####.#......#...
#...#
#.###...####.########...
#...# #>##.........# #...
#...# #.##....####### ###.
#...# #.##.##.......#### #.
##...#####.......####.....#
#.
............g....####.....#
#.
...........##.##g##.......#
#.
...........##.##@##.#.....#
##
.#...#.###.##.##.##.#.....#
# .#...#.#
#.##.##.>.....#### #
.#...#.#
#..........#############
.#...#.# #.##<#.###.#
#.......## .#...#.#
#.##.#.###.####.#####.##
.......#
#..................##.##
###.####
####...<.#.####.##.##.##
#......########.###.#
#.##.##.##


You could see a gnoll.


Message History

😨 HP[+7]
You regained 7 hp, and now have 12/29 hp.
You feel better.
The gnoll hits you with a +0 club. 😮 HP[+3]
You regained 3 hp, and now have 15/29 hp.
Shoot: a) +0 shortbow
Press: ? - help, Shift-Dir - straight line, f - gnoll
Aim: a gnoll, wielding a +0 club (63% to hit)
You shoot an arrow. The arrow hits the gnoll!
The gnoll hits you but does no damage.
Shoot: a) +0 shortbow
Press: ? - help, Shift-Dir - straight line, f/p - gnoll
Aim: a gnoll, wielding a +0 club (severely wounded, 63% to hit)
You shoot an arrow. The arrow hits the gnoll.
You kill the gnoll!
The gnoll closely misses you.
Shoot: a) +0 shortbow
Press: ? - help, Shift-Dir - straight line, f - gnoll
Aim: a gnoll, wielding a +2 flail of protection (63% to hit)
You shoot an arrow.
The arrow hits the gnoll but does no damage.
The gnoll hits you with a +2 flail of protection.
* * * LOW HITPOINT WARNING * * *
😨 HP[-3]
You take 3 damage, and now have 12/29 hp.
Shoot: a) +0 shortbow
Press: ? - help, Shift-Dir - straight line, f/p - gnoll
Aim: a gnoll, wielding a +2 flail of protection (63% to hit)
You shoot an arrow. The arrow hits the gnoll.
The gnoll hits you with a +2 flail of protection.
* * * LOW HITPOINT WARNING * * *
😨 HP[-3]
You take 3 damage, and now have 9/29 hp.
Shoot: a) +0 shortbow
Press: ? - help, Shift-Dir - straight line, f/p - gnoll
Aim: a gnoll, wielding a +2 flail of protection (moderately wounded, 63% to hit)
You shoot an arrow.
The arrow hits the gnoll but does no damage.
The gnoll hits you with a +2 flail of protection.
* * * LOW HITPOINT WARNING * * *
The gnoll hits you with a +2 flail of protection.
* * * LOW HITPOINT WARNING * * *
😱 HP[-6]
You take 6 damage, and now have 3/29 hp.
MASSIVE DAMAGE!! (PAUSE)
Okay, then.
You feel better.
The gnoll hits you with a +2 flail of protection!
* * * LOW HITPOINT WARNING * * *
😱 HP[-2]
You take 2 damage, and now have 1/29 hp.
Cast which spell? (? or * to list)
Aiming: Slow (safe; 4% risk of failure)
Press: ? - help, Shift-Dir - straight line, f/p - gnoll
Aim: a gnoll, wielding a +2 flail of protection (moderately wounded, chance to affect: 60%)
The gnoll resists with significant effort.
The gnoll barely misses you. 😱 MP[-1]
You lost 1 mp, and now have 5/6 mp.
Casting: Slow (safe; 4% risk of failure)
Confirm with . or Enter, or press ? or * to list all spells.
Aiming: Slow (safe; 4% risk of failure)
Press: ? - help, Shift-Dir - straight line, f/p - gnoll
Aim: a gnoll, wielding a +2 flail of protection (moderately wounded, chance to affect: 60%)
The gnoll seems to slow down. 😱 MP[-1]
You lost 1 mp, and now have 4/6 mp. 😱 HP[+1] 😱 MP[+1] 😱 HP[+1] 😱 MP[+1]
Your mp is fully restored (6).
Shoot: a) +0 shortbow
Press: ? - help, Shift-Dir - straight line, f/p - gnoll
Aim: a gnoll, wielding a +2 flail of protection (moderately wounded, 63% to hit)
You shoot an arrow. The arrow hits the gnoll.
Shoot: a) +0 shortbow
Press: ? - help, Shift-Dir - straight line, f/p - gnoll
Aim: a gnoll, wielding a +2 flail of protection (severely wounded, 63% to hit)
You shoot an arrow. The arrow barely misses the gnoll.
Shoot: a) +0 shortbow
Press: ? - help, Shift-Dir - straight line, f/p - gnoll
Aim: a gnoll, wielding a +2 flail of protection (severely wounded, 63% to hit)
You shoot an arrow. The arrow barely misses the gnoll.
Shoot: a) +0 shortbow
Press: ? - help, Shift-Dir - straight line, f/p - gnoll
Aim: a gnoll, wielding a +2 flail of protection (heavily wounded, 63% to hit)
You shoot an arrow.
The arrow hits the gnoll but does no damage.
A hobgoblin comes into view. 😱 HP[+1] 😱 HP[+1]
Casting: Slow (safe; 4% risk of failure)
Confirm with . or Enter, or press ? or * to list all spells.
Aiming: Slow (safe; 4% risk of failure)
Press: ? - help, Shift-Dir - straight line, f/p - gnoll
Aim: a gnoll, wielding a +2 flail of protection (heavily wounded, chance to affect: 60%)
The gnoll resists with significant effort.
The gnoll hits you with a +2 flail of protection.
You die...

Skill      XL: |  1  2  3  4  5 |
---------------+----------------+-----
Hexes          | 3 4 |  4.2
Bows           | 3 4 |  4.0
Translocations | 1 |  1.9
Fighting       | |  1.1
Dodging        | |  1.5
Spellcasting   | |  1.0

Action                   |  1- 3 |  4- 6 || total
-------------------------+-------+-------++-------
 Fire: Shortbow          |   108 |   117 ||   225
 Cast: Slow              |     3 |     3 ||     6
  Use: Potion            |       |     3 ||     3
Armor: Robe              |    31 |    15 ||    46
Dodge: Dodged            |    71 |    42 ||   113

Levels and vault maps discovered:
D:1:      mrwooster_arrival_statue_2, layout_loops_ring, serial_shops, shop,
          serial_forest, infiniplex_forest_clump_medium,
          infiniplex_forest_clump_double, infiniplex_forest_end_1,
          infiniplex_forest_clump_tiny, infiniplex_forest_end_3,
          infiniplex_forest_lined_2, infiniplex_forest_pool,
          infiniplex_forest_straight_4, infiniplex_forest_end_3
D:2:      layout_basic, basic_ecumenical_altar
D:3:      layout_rooms, mainiacjoe_overflow_tiny_flanked, serial_shops, shop,
          minmay_misc_feat_x
D:4:      layout_loops_cross, dk_yredelemnul_ordeal

Notes
Turn   | Place    | Note
-------+----------+-------------------------------------------
     0 | D:1      | esteth the Gargoyle Arcane Marksman began the quest for the
                  | Orb.
     0 | D:1      | Reached XP level 1. HP: 12/12 MP: 2/2
     0 | D:1      | magus.rc [v1.11.3]
   418 | D:1      | Reached skill level 3 in Hexes
   418 | D:1      | Reached XP level 2. HP: 16/16 MP: 3/3
   494 | D:1      | Found Qohilawoni's Magic Scroll Shop.
  1151 | D:2      | You pick up a book of Debilitation and begin reading...
  1151 | D:2      | You add the spells Vampiric Draining and Confusing Touch to
                  | your library.
  1161 | D:2      | Reached XP level 3. HP: 14/20 MP: 4/4
  1414 | D:2      | Reached skill level 3 in Bows
  1642 | D:2      | Learned a level 3 spell: Portal Projectile
  1760 | D:2      | Found a faded altar of an unknown god.
  1897 | D:3      | Reached XP level 4. HP: 25/25 MP: 5/5
  1921 | D:3      | Upgraded the game from 0.29-a0-206-g4a66f2e2b5 to
                  | 0.29-a0-214-g17f627cfee
  1921 | D:3      | magus.rc [v1.11.3]
  2056 | D:3      | Found a shadowy altar of Dithmenos.
  2088 | D:3      | Found Ceghakk's Armour Emporium.
  2164 | D:3      | You pick up a book of Misfortune and begin reading...
  2164 | D:3      | You add the spells Yara's Violent Unravelling and Enfeeble
                  | to your library.
  2605 | D:4      | Reached skill level 1 in Translocations
  2677 | D:4      | Found a runed translucent door.
  2677 | D:4      | Noticed a human
  2678 | D:4      | Found a basalt altar of Yredelemnul.
  2869 | D:4      | Reached XP level 5. HP: 25/29 MP: 6/6
  3024 | D:4      | Noticed an ogre
  3038 | D:4      | Killed an ogre
  3039 | D:4      | Reached skill level 4 in Bows
  3039 | D:4      | Reached skill level 4 in Hexes
  3070 | D:4      | HP: 5/29 [gnoll/+0 flail (7)]
  3078 | D:4      | HP: 6/29 [gnoll/+2 flail of protection (3)]
  3081 | D:4      | HP: 1/29 [gnoll/+2 flail of protection (7)]
  3126 | D:4      | Slain by a gnoll

Vanquished Creatures
  An ogre (D:4)
  A hound (D:4)
  2 gnolls (D:4)
  3 adders (D:2)
  2 worms
  2 dart slugs (D:2)
  2 orcs
  3 ball pythons
  3 endoplasms
  2 giant cockroaches
  11 hobgoblins
  4 jackals (D:3)
  A quokka (D:1)
  2 bats (D:1)
  A frilled lizard (D:1)
  4 goblins
  A goblin zombie (D:4)
  3 kobolds
  A kobold zombie (D:4)
  2 rats (D:2)
51 creatures vanquished.

Table legend:
 A = Non-vault XP
 B = Vault XP
 C = Vault XP percentage of total XP
 D = Non-vault monster count
 E = Vault monster count
 F = Vault count percentage of total count
                 A         B        C        D         E       F
            +---------+---------+-------+---------+---------+-------
      Total |     315 |       2 |   0.6 |      49 |       2 |   3.9
            +---------+---------+-------+---------+---------+-------
        D:1 |      13 |       0 |   0.0 |       8 |       0 |   0.0
        D:2 |      68 |       0 |   0.0 |      16 |       0 |   0.0
        D:3 |      21 |       0 |   0.0 |      10 |       0 |   0.0
        D:4 |     213 |       2 |   0.9 |      15 |       2 |  11.8
            +---------+---------+-------+---------+---------+-------

Illustrated notes

Table legend:
 A = Kills in this place as a percentage of kills in entire the game.
 B = Kills by you in this place as a percentage of kills by you in the entire game.
 C = Kills by friends in this place as a percentage of kills by friends in the entire game.
 D = Other kills in this place as a percentage of other kills in the entire game.
 E = Experience gained in this place as a percentage of experience gained in the entire game.
 F = Experience gained in this place divided by the number of levels of this place that you have seen.
                   A       B       C       D       E      F
               +-------+-------+-------+-------+-------+----------------------
         Total | 100.0 | 100.0 |   N/A |   N/A | 100.0 |  79.2
       Dungeon | 100.0 | 100.0 |   N/A |   N/A | 100.0 |  79.2
               +-------+-------+-------+-------+-------+----------------------

Table legend: (Time is in decaauts)
 A = Elapsed time spent in this place.
 B = Non-inter-level travel time spent in this place.
 C = Inter-level travel time spent in this place.
 D = Time resting spent in this place.
 E = Time spent auto-exploring this place.
 F = Levels seen in this place.
 G = Mean time per level.
                   A        B        C        D        E       F      G
               +--------+--------+--------+--------+--------+-----+--------+
         Total |   3203 |   3143 |     60 |      0 |   2643 |   4 |  800.8 |
       Dungeon |   3203 |   3143 |     60 |      0 |   2643 |   4 |  800.8 |
               +--------+--------+--------+--------+--------+-----+--------+

Top non-repeatable levels by time:
     D:2: 1021 daAuts
     D:1: 888 daAuts
     D:4: 852 daAuts
     D:3: 441 daAuts
